 Dungeon Crawl Stone Soup version 0.29-a0-878-g7b45a56547 (webtiles) character file.

Game seed: 6193691192698908287

469 xian the Slasher (level 6, 0/48 HPs)
             Began as a Demonspawn Fighter on July 20, 2022.
             Was an Initiate of Wu Jian.
             Slain by an iguana (5 damage)
             ... on level 4 of the Dungeon.
             The game lasted 00:09:57 (4006 turns).

xian the Slasher (Demonspawn Fighter)               Turns: 4006, Time: 00:09:57

Health: 0/48       AC: 12    Str: 18    XL:     6   Next: 82%
Magic:  6/6        EV:  9    Int: 10    God:    Wu Jian [......]
Gold:   122        SH:  4    Dex: 12    Spells: 5/5 levels left

rFire   . . .      SeeInvis +   a - +0 long sword
rCold   . . .      Faith    .   c - +0 buckler
rNeg    . . .      Spirit   .   b - +0 scale mail
rPois   .          Reflect  .   s - +0 helmet
rElec   .          Harm     .   (no cloak)
rCorr   .          Rampage  .   m - +0 pair of gloves
Will    .....                   (no boots)
Stlth   ..........              (no amulet)
HPRegen 0.16/turn               l - ring of see invisible
MPRegen 0.10/turn               q - ring of flight

@: flying
A: yellow scales 2, powered by pain 1
a: Renounce Religion


You were on level 4 of the Dungeon.
You worshipped Wu Jian.
Wu Jian was noncommittal.
You visited 1 branch of the dungeon, and saw 4 of its levels.

You collected 122 gold pieces.

Inventory:

Hand Weapons
 a - a +0 long sword (weapon)
 z - a +1 sling of freezing
Missiles
 f - 15 poisoned darts (quivered)
Armour
 b - a +0 scale mail (worn)
 c - a +0 buckler (worn)
 m - a +0 pair of gloves (worn)
 s - a +0 helmet (worn)
Jewellery
 l - a ring of see invisible (left hand)
 q - a ring of flight (right hand)
 r - a ring of positive energy
Wands
 p - a wand of roots (10)
 A - a wand of light (8)
Scrolls
 d - a scroll of fear {unknown}
 j - a scroll of enchant weapon
 u - a scroll of poison {unknown}
 w - a scroll of acquirement {unknown}
 y - a scroll of enchant armour {unknown}
Potions
 g - a potion of mutation {unknown}
 h - a potion of heal wounds
 i - 2 potions of attraction {unknown}
 k - a potion of curing
 n - 2 potions of brilliance
 o - a potion of resistance {unknown}
 t - a potion of cancellation {unknown}
 v - a potion of ambrosia {unknown}
 x - a potion of magic {unknown}


   Skills:
 + Level 4.2 Fighting
 + Level 4.3 Long Blades
 + Level 0.1 Throwing
 + Level 3.8 Armour
 + Level 1.3 Dodging
 + Level 1.1 Stealth
 + Level 3.6 Shields


You had 5 spell levels left.
You didn't know any spells.
Your spell library contained the following spells:

 Spells                   Type           Power      Damage    Failure   Level
 Sandblast                Erth           0%         2d4       83%         1
 Animate Dead             Necr           0%         N/A       100%        4
 Borgnjor's Vile Clutch   Necr/Erth      0%         N/A       100%        5
 Death Channel            Necr           0%         N/A       100%        6


Dungeon Overview and Level Annotations

Branches:
Dungeon (4/15)
 Temple: D:4-7

Altars:
Makhleb
Qazlal
Sif Muna
Vehumet
Wu Jian


Innate Abilities, Weirdness & Mutations

You are mostly covered in yellow scales. (AC +3)
You sometimes gain a little power by taking damage.


Message History

You barely miss the jackal.
The jackal is almost dead.
The jackal barely misses you. x2
You hit the jackal.
You kill the jackal!
The Council accepts your kill.
You closely miss the orc. The orc hits you with a +0 mace.
You slash the orc!
You kill the orc!
The Council accepts your kill.
You hit the orc.
You kill the orc!
The Council accepts your kill. You block the jackal's attack.
You closely miss the jackal.
The jackal bites you but does no damage.
You slash the jackal!
You kill the jackal!
The Council accepts your kill.
You closely miss the iguana. You block the iguana's attack.
You hit the iguana but do no damage.
The iguana bites you but does no damage.
The iguana bites you.
You slash the iguana!
The iguana is heavily wounded.
The iguana barely misses you.
You barely miss the iguana.
The iguana is heavily wounded.
The iguana bites you.
You closely miss the iguana.
The iguana is heavily wounded.
The iguana bites you!
* * * LOW HITPOINT WARNING * * *
You barely miss the iguana.
The iguana is heavily wounded.
You block the iguana's attack.
You barely miss the iguana.
The iguana is heavily wounded.
The iguana bites you.
You die...

#...## #...#
..... #.#.#
... #...# #..
#...# #.#
#.###
#.##########.#
#............#
#)############
#@# #l# #!#
#.# ..# ?.#
..# ..>)


You could see an iguana.

Vanquished Creatures
  A water moccasin (D:4)
  A scorpion (D:4)
  2 hounds (D:4)
  2 orc priests (D:4)
  Ijyb (D:4)
  An orc wizard (D:3)
  5 adders
  An ufetubus (D:4)
  A dart slug (D:1)
  9 orcs
  6 ball pythons
  3 endoplasms
  6 giant cockroaches
  4 goblins
  8 hobgoblins
  11 jackals
  3 quokkas
  3 bats
  3 frilled lizards
  2 kobolds (D:4)
  6 rats
79 creatures vanquished.

Notes
Turn   | Place    | Note
-------+----------+-------------------------------------------
     0 | D:1      | xian the Demonspawn Fighter began the quest for the Orb.
     0 | D:1      | Reached XP level 1. HP: 18/18 MP: 1/1
   188 | D:1      | Gained mutation: You are partially covered in yellow
                  | scales. (AC +2) [demonic ancestry]
   188 | D:1      | Reached XP level 2. HP: 18/24 MP: 2/2
   521 | D:1      | Found a faded altar of an unknown god.
   531 | D:1      | Got Plato's Cyclopedia of Metal
  1158 | D:2      | Reached XP level 3. HP: 26/29 MP: 3/3
  1341 | D:2      | Found a radiant altar of Vehumet.
  1884 | D:2      | Reached XP level 4. HP: 35/35 MP: 4/4
  2907 | D:3      | Found an ornate altar of the Wu Jian Council.
  2919 | D:3      | Became a worshipper of the Wu Jian Council
  3069 | D:3      | Found a shimmering blue altar of Sif Muna.
  3074 | D:3      | Found a stormy altar of Qazlal.
  3088 | D:3      | Found a burning altar of Makhleb.
  3330 | D:4      | Noticed a scorpion
  3343 | D:4      | Killed a scorpion
  3344 | D:4      | Gained mutation: You are mostly covered in yellow scales.
                  | (AC +3) [demonic ancestry]
  3344 | D:4      | Reached XP level 5. HP: 37/42 MP: 5/5
  3475 | D:4      | Reached skill level 1 in Dodging
  3479 | D:4      | Gained mutation: You sometimes gain a little power by
                  | taking damage. [demonic ancestry]
  3479 | D:4      | Reached XP level 6. HP: 12/48 MP: 6/6
  3583 | D:4      | Noticed Ijyb
  3596 | D:4      | Killed Ijyb
  3597 | D:4      | Reached skill level 1 in Stealth
  3933 | D:4      | Noticed a water moccasin
  3971 | D:4      | Killed a water moccasin
  4006 | D:4      | Slain by an iguana

Illustrated notes

Levels and vault maps discovered:
D:1:      dpeg_arrival_simpleton_c, layout_basic,
          shapermc_ecumenical_altar_rom_forum, kennysheep_minor_cross,
          minmay_misc_feat_enclosed
D:2:      layout_basic, basic_altar
D:3:      layout_loops_ring, mainiacjoe_overflow_alcove_1,
          minmay_overflow_temple_star_quad, minmay_misc_feat_room,
          chequers_decorated_corner, hex_tiny
D:4:      layout_basic, chequers_jeans, uniq_ijyb

Skill      XL: |  1  2  3  4  5  6 |
---------------+-------------------+-----
Shields        | 3 |  3.6
Long Blades    | 2 3 4 |  4.3
Armour         | 3 |  3.8
Dodging        | 1 |  1.3
Stealth        | 1 |  1.1
Fighting       | 4 |  4.2
Throwing       | |  0.1

Action                   |  1- 3 |  4- 6 || total
-------------------------+-------+-------++-------
Melee: Long sword        |   108 |   213 ||   321
Throw: Dart              |       |     3 ||     3
Invok: Lunge             |       |     6 ||     6
  Use: Scroll            |     2 |     2 ||     4
       Potion            |       |     5 ||     5
Armor: Scale mail        |    68 |   128 ||   196
Dodge: Dodged            |    64 |   107 ||   171
Block: Buckler           |    19 |    64 ||    83

Table legend: (Time is in decaauts)
 A = Elapsed time spent in this place.
 B = Non-inter-level travel time spent in this place.
 C = Inter-level travel time spent in this place.
 D = Time resting spent in this place.
 E = Time spent auto-exploring this place.
 F = Levels seen in this place.
 G = Mean time per level.
                   A        B        C        D        E       F      G
               +--------+--------+--------+--------+--------+-----+--------+
         Total |   4078 |   3957 |    121 |    220 |   2751 |   4 | 1019.5 |
       Dungeon |   4078 |   3957 |    121 |    220 |   2751 |   4 | 1019.5 |
               +--------+--------+--------+--------+--------+-----+--------+

Top non-repeatable levels by time:
     D:2: 1315 daAuts
     D:3: 1049 daAuts
     D:1: 1020 daAuts
     D:4: 692 daAuts
